 Dungeon Crawl Stone Soup version 0.21.0-3-g78d12a8 (console) character file.

9363 ahub the Fighter (level 11, -14/89 HPs)
             Began as a Demonspawn Fighter on Jan 10, 2018.
             Was an Elder of Cheibriados.
             Demolished by a komodo dragon (20 damage)
             ... on level 11 of the Dungeon.
             The game lasted 00:24:06 (10234 turns).

ahub the Fighter (Demonspawn Fighter)              Turns: 10234, Time: 00:24:07

Health: -14/89     AC: 17    Str: 30    XL:     11   Next: 22%
Magic:  0/11       EV:  6    Int: 19    God:    Cheibriados [****..]
Gold:   291        SH: 13    Dex: 27    Spells: 10/10 levels left

rFire    + . .     SeeInvis .   x - +2 long sword (drain)
rCold    + + .     Gourm    +   c - +0 shield
rNeg     . . .     Faith    .   z - +2 plate armour
rPois    .         Spirit   +   l - +0 helmet
rElec    .         Reflect  .   D - scarf {rC+ rF+}
rCorr    .         Harm     .   d - +0 pair of gloves
MR       .....                  (boots unavailable)
Stlth    ..........             g - amulet of the gourmand
HPRegen  0.24/turn              (no ring)
MPRegen  0.12/turn              (no ring)

@: lethally poisoned (-14 -> -15), slowed, heavily drained, very slow
A: hooves 3, thin skeletal structure 2, cold resistance 1, magic shield,
freezing cloud immunity
a: Bend Time, Temporal Distortion, Slouch, Renounce Religion


You were on level 11 of the Dungeon.
You worshipped Cheibriados.
Cheibriados was greatly pleased with you.
You were very full.

You visited 2 branches of the dungeon, and saw 12 of its levels.

You collected 475 gold pieces.
You spent 184 gold pieces at shops.

Inventory:

Hand Weapons
 a - a +0 long sword of freezing
 x - a +2 long sword of draining (weapon)
Armour
 c - a +0 shield (worn)
 d - a +0 pair of gloves (worn)
 l - a +0 helmet (worn)
 z - a +2 plate armour (worn)
 A - a +0 pair of boots
 D - a scarf of resistance (worn)
 G - the +1 scale mail of the Princeling {Int+3}
   (You found it on level 10 of the Dungeon)

   It affects your intelligence (+3).
Jewellery
 g - an amulet of the gourmand (around neck)
Wands
 n - a wand of enslavement (16)
 t - a wand of paralysis (14)
 y - a wand of random effects (8)
Scrolls
 h - 2 scrolls of remove curse
 i - 4 scrolls of identify
Potions
 e - a potion of invisibility {unknown}
 j - 3 potions of curing
 k - a potion of resistance {unknown}
 o - 2 potions of haste
 p - 2 potions of lignification {unknown}
 r - a potion of cancellation {unknown}
 s - 3 potions of degeneration {unknown}
 u - 2 potions of agility {unknown}
 v - a potion of might
 w - 4 potions of magic
 B - 2 potions of flight {unknown}
Books
 b - a book of Party Tricks

   Spells                             Type                      Level
   a - Summon Butterflies             Summoning                    1
   b - Apportation                    Translocation                1
   c - Lesser Beckoning               Translocation                3
   d - Tukima's Dance                 Hexes                        3
   e - Alistair's Intoxication        Transmutation/Poison         5
   f - Invisibility                   Hexes                        6
 C - a book of Cantrips

   Spells                             Type                      Level
   a - Confusing Touch                Hexes                        1
   b - Animate Skeleton               Necromancy                   1
   c - Summon Small Mammal            Summoning                    1
   d - Apportation                    Translocation                1
 F - a book of Frost

   Spells                             Type                      Level
   a - Freeze                         Ice                          1
   b - Throw Frost                    Conjuration/Ice              2
   c - Ozocubu's Armour               Charms/Ice                   3
   d - Throw Icicle                   Conjuration/Ice              4
   e - Summon Ice Beast               Ice/Summoning                4
Comestibles
 f - 19 rations


   Skills:
 + Level 9.4(6.6) Fighting
 + Level 8.2(5.5) Long Blades
 + Level 8.6(5.8) Armour
 + Level 8.7(5.9) Shields


You had 10 spell levels left.
You didn't know any spells.

Dungeon Overview and Level Annotations

Branches:
Dungeon (11/15)            Temple (1/1) D:7
   Lair: D:8-11         Orc: D:9-12

Altars:
Ashenzari
Cheibriados
Elyvilon
Hepliaklqana
Kikubaaqudgha
Makhleb
Nemelex Xobeh
Okawaru
Qazlal
Ru
Trog
Uskayaw
Vehumet
Wu Jian
Xom
Yredelemnul
Zin
The Shining One

Shops:
D:9 [


Innate Abilities, Weirdness & Mutations

You have hooves in place of feet.
You have a moderately thin skeletal structure. (Dex +4, Stealth+)
Your flesh is cold resistant. (rC+)
When hurt, damage is shared between your health and your magic reserves.
You are immune to freezing clouds.


Message History

You drain the komodo dragon! You kick the komodo dragon.
The komodo dragon is lightly wounded.
You feel sick. You block the komodo dragon's attack.
The komodo dragon bites you but does no damage.
You barely miss the komodo dragon. Your kick misses the komodo dragon.
The komodo dragon is lightly wounded.
You feel sick.
You block the komodo dragon's attack. x2
Your shield and plate armour prevent you from hitting the komodo dragon.
You kick the komodo dragon, but do no damage.
The komodo dragon is lightly wounded.
You feel sick. The komodo dragon barely misses you.
You block the komodo dragon's attack.
You closely miss the komodo dragon.
You kick the komodo dragon, but do no damage.
The komodo dragon is lightly wounded.
You feel sick. You block the komodo dragon's attack.
You hit the komodo dragon.
You kick the komodo dragon, but do no damage.
The komodo dragon is lightly wounded.
You feel sick. You block the komodo dragon's attack.
The komodo dragon bites you!!
You die...

##.#.#...
#... ...#
#... ...
...##..
## #.....
...
#.##.# ..
#.##.##.#
#.(<....#
####l####
#..@).#
#.....#
#.....#
#.....#
#.....#
#######


You could see a komodo dragon.

Vanquished Creatures
  2 two-headed ogres (D:8)
  Sonja (D:11)
  The ghost of Gobbopathe the Ruffian, a novice VSTm of Wu Jian (D:4)
  2 hippogriffs
  A wraith (D:10)
  A wyvern (D:8)
  5 yaks (D:10)
  3 hungry ghosts
  5 black bears
  An ice beast (D:10)
  5 sky beasts
  3 orc warriors
  4 ogres
  A necrophage (D:7)
  2 phantoms
  4 centaurs
  A crocodile (D:8)
  A big kobold (D:10)
  7 bullfrogs
  A wyvern zombie (D:7)
  A gnoll sergeant (D:7)
  A water moccasin zombie (D:7)
  A scorpion (D:5)
  A water moccasin skeleton (D:9)
  5 killer bees (D:9)
  8 howler monkeys
  An electric eel (D:7)
  A centaur zombie (D:6)
  4 crimson imps
  A bullfrog zombie (D:9)
  2 jellies
  A gnoll shaman (D:7)
  4 orc priests
  A quasit (D:9)
  6 hounds
  2 bullfrog skeletons
  7 orc wizards
  Jessica (D:2)
  4 iguanas
  Ijyb (D:3)
  Natasha (D:2)
  4 worker ants
  2 killer bee zombies (D:7)
  A hound zombie (D:11)
  A worker ant zombie (D:10)
  Robin (D:2)
  15 gnolls
  14 adders
  A shadow imp (D:8)
  An ooze (D:2)
  2 adder zombies (D:7)
  2 worms
  A dart slug (D:2)
  7 leopard geckos
  36 orcs
  2 giant cockroaches
  8 goblins
  6 hobgoblins
  14 jackals
  4 quokkas
  4 bats
  12 frilled lizards
  9 kobolds
  2 leopard gecko skeletons (D:5)
  2 quokka skeletons
  5 rats
261 creatures vanquished.

Vanquished Creatures (others)
  An unseen horror (D:11)
  3 plants (D:8)
4 creatures vanquished.

Grand Total: 265 creatures vanquished

Notes
Turn   | Place    | Note
-------+----------+-------------------------------------------
     0 | D:1      | ahub the Demonspawn Fighter began the quest for the Orb.
     0 | D:1      | Reached XP level 1. HP: 18/18 MP: 1/1
   156 | D:1      | Gained mutation: You have large cloven feet. [demonic ancestry]
   156 | D:1      | Reached XP level 2. HP: 14/24 MP: 2/2
   921 | D:2      | Reached XP level 3. HP: 23/29 MP: 3/3
  1044 | D:2      | Gained mutation: When hurt, damage is shared between your health and your magic reserves. [demonic ancestry]
  1044 | D:2      | Reached XP level 4. HP: 30/35 MP: 4/4
  1300 | D:2      | Found a faded altar of an unknown god.
  1300 | D:2      | Noticed Jessica
  1313 | D:2      | Killed Jessica
  1362 | D:2      | Noticed Robin
  1366 | D:2      | Gained mutation: Your flesh is cold resistant. (rC+) [demonic ancestry]
  1366 | D:2      | Reached XP level 5. HP: 42/42 MP: 5/5
  1374 | D:2      | Killed Robin
  1523 | D:2      | Noticed Natasha
  1549 | D:2      | Killed Natasha
  1549 | D:2      | Reached skill level 4 in Fighting
  1773 | D:3      | Noticed Ijyb
  1798 | D:3      | Killed Ijyb
  2588 | D:4      | Gained mutation: You have a somewhat thin skeletal structure. (Dex +2, Stealth) [demonic ancestry]
  2588 | D:4      | Reached XP level 6. HP: 36/48 MP: 3/6
  2988 | D:4      | Noticed Gobbopathe's ghost (novice VSTm)
  3005 | D:4      | Killed Gobbopathe's ghost
  3005 | D:4      | Gained mutation: You have hoof-like feet. [demonic ancestry]
  3005 | D:4      | Reached XP level 7. HP: 34/55 MP: 4/7
  3083 | D:4      | Reached skill level 5 in Fighting
  3236 | D:5      | Entered Level 5 of the Dungeon
  3428 | D:5      | Found a burning altar of Makhleb.
  3607 | D:5      | Reached skill level 5 in Shields
  3640 | D:5      | Reached skill level 5 in Armour
  3640 | D:5      | Gained mutation: You have a moderately thin skeletal structure. (Dex +4, Stealth+) [demonic ancestry]
  3640 | D:5      | Reached XP level 8. HP: 57/63 MP: 8/8
  4407 | D:6      | Reached skill level 6 in Fighting
  4407 | D:6      | Reached skill level 5 in Long Blades
  5297 | D:7      | Gained mutation: You are immune to freezing clouds. [demonic ancestry]
  5297 | D:7      | Reached XP level 9. HP: 71/71 MP: 9/9
  5733 | D:7      | Found a staircase to the Ecumenical Temple.
  5748 | Temple   | Entered the Ecumenical Temple
  5814 | Temple   | Became a worshipper of Cheibriados the Contemplative
  5852 | D:7      | Reached skill level 7 in Fighting
  6979 | D:8      | Reached * piety under Cheibriados
  7312 | D:8      | Noticed a two-headed ogre
  7324 | D:8      | Killed a two-headed ogre
  7324 | D:8      | Reached XP level 10. HP: 57/80 MP: 6/10
  7729 | D:8      | Noticed a two-headed ogre
  7736 | D:8      | Killed a two-headed ogre
  7736 | D:8      | Reached ** piety under Cheibriados
  7736 | D:8      | Reached skill level 8 in Fighting
  8826 | D:9      | Found Ceqaig's Antique Armour Emporium.
  8831 | D:9      | Bought a glowing scarf for 184 gold pieces
  8946 | D:9      | Reached *** piety under Cheibriados
  9326 | D:10     | Entered Level 10 of the Dungeon
  9501 | D:10     | Reached skill level 9 in Fighting
  9564 | D:10     | Reached **** piety under Cheibriados
  9863 | D:10     | Got a shimmering scale mail
  9874 | D:10     | Identified the cursed +1 scale mail of the Princeling {Int+3} (You found it on level 10 of the Dungeon)
  9916 | D:10     | Gained mutation: You have hooves in place of feet. [demonic ancestry]
  9916 | D:10     | Reached XP level 11. HP: 72/89 MP: 8/11
 10211 | D:11     | Noticed Sonja
 10219 | D:11     | Killed an unseen horror
 10225 | D:11     | Killed Sonja
 10234 | D:11     | Demolished by a komodo dragon

Skill      XL: |  1  2  3  4  5  6  7  8  9 10 |
---------------+-------------------------------+-----
Long Blades    | 2 3 4 5 6 8 |  8.2
Shields        | 3 4 5 6 7 8 |  8.7
Armour         | 3 4 5 6 7 8 |  8.6
Fighting       | 4 5 6 7 9 |  9.4

Action                   |  1- 3 |  4- 6 |  7- 9 | 10-12 || total
-------------------------+-------+-------+-------+-------++-------
Melee: Long sword        |    68 |   197 |   432 |   337 ||  1034
       Kick              |    12 |    60 |    47 |    23 ||   142
  Use: Potion            |       |     1 |     3 |     1 ||     5
       Scroll            |       |       |    10 |     7 ||    17
  Eat: Chunk             |     1 |     3 |    18 |    12 ||    34
       Ration            |       |     1 |     1 |     2 ||     4
Armor: Scale mail        |    43 |    74 |    24 |       ||   141
       Plate armour      |       |       |   258 |   226 ||   484
Dodge: Dodged            |    36 |    59 |    73 |    86 ||   254
Block: Shield            |    40 |    95 |   238 |   290 ||   663
       Rpst.: Long sword |     9 |    23 |    20 |    29 ||    81
